cassyva, chaotic female human Rogue ----------- ----- ----- |.........| #-...-####....| |.........| #|.^.| |...| `@f######..........| ------- #|.{.| #....| d |.........| |.....| #----- #|...| |.........-###### |.....| # #----- |.........| # |.....-# # # ------+---- ##-.....|# # ### |..(<.|# # # ------ # # ### # # # # ##### # ### # --.----# # ### |......#### # |..>..| # ##.......## |.....| ------- cassyva the Cutpurse Experience level: 4 Strength: 13 Dexterity: 18 Constitution: 14 Intelligence: 12 Wisdom: 9 Charisma: 10 Health: 0(26) Energy: 17(17) Def: 4 Gold: 140 Moves: 2184 Dungeon seed: RdjLr9Wv-RXsNnyO Game ID: cassyva_1516933014 Your Inventory: Coins $ - 140 gold pieces Weapons a - an uncursed +0 dagger named Biter (weapon in hand) b - 7 uncursed +0 daggers (in quiver) j - 7 uncursed +0 darts p - 8 uncursed +0 ya q - a cursed -1 sling Armor e - an uncursed +1 leather armor (being worn) y - an uncursed +0 orcish helm (being worn) Comestibles i - an uncursed lichen corpse r - an uncursed egg t - an uncursed pancake w - an uncursed food ration Wands v - a blessed wand of locking (0:2) x - an uncursed wand of cold (0:4) Tools k - an uncursed lock pick B - an uncursed sack Gems n - an uncursed worthless piece of blue glass Contents of the sack: 73 gold pieces an uncursed +0 short sword an uncursed scroll of identify 2 uncursed scrolls of magic mapping an uncursed scroll of punishment an uncursed potion of booze an uncursed potion of gain ability an uncursed potion of healing an uncursed potion of monster detection an uncursed potion of see invisible a cursed potion of see invisible an uncursed potion of sickness an uncursed ring of searching Spells and supernatural/magical abilities: Name Level Category Fail Memory W - pray for help -- divine ? -- Your skills at the end: Fighting Skills Weapon Skills dagger [Basic] short sword [Basic] Spellcasting Skills Final Attributes: You were piously aligned. You were stealthy. You are dead. Vanquished creatures: an orc zombie a hobbit a large kobold 2 giant rats 3 foxes 2 kobolds 2 goblins 2 grid bugs 2 bats 8 lichens 3 newts 27 creatures vanquished. Voluntary challenges: You were an atheist. You used a wielded weapon 25 times, starting on turn 353. You read items or engraved 2 times, starting on turn 1667. You never genocided any monsters. You never polymorphed an object. You never changed form. You used no wishes. You never split a pudding. You wrote Elbereth's name 1 time, starting on turn 1668. You never violated your personal moral code. Dungeon overview: The Dungeons of Doom: levels 1 to 6 Level 1 a fountain a long staircase Level 2 a general store, a fountain Level 3 (armory) an armor shop, a sink stairs to The Gnomish Mines Level 4 some fountains Level 5 <- You were here a fountain Level 6 The Gnomish Mines: Level 4 stairs to The Dungeons of Doom History has recorded: On T:1 you entered the Dungeons of Doom to retrieve the Amulet of Yendor! On T:477 you advanced to experience level 2. On T:484 you reached level 2 of The Dungeons of Doom. On T:643 you reached level 3 of The Dungeons of Doom. On T:1254 you advanced to experience level 3. On T:1283 you reached level 1 of The Gnomish Mines. On T:1447 you reached level 4 of The Dungeons of Doom. On T:1672 you reached level 5 of The Dungeons of Doom. On T:1820 you advanced to experience level 4. On T:2001 you reached level 6 of The Dungeons of Doom. Score breakdown: Gold: 213 ( 7927 points) Experience: 4 levels ( 9649 points) Exploration: 6 levels ( 12.50%) ( 9784 points) Discoveries: 1 item ( 0.34%) ( 1737 points) Valuables value: (no points given unless you survive) Artifact value: 0 ( 0 points) Variety of kills: 11 monsters ( 2.89%) ( 5097 points) Turncount: 2184 turns ( -130 points) Survival: died (score multiplied by 80%) Total score: 27251 Latest messages: Perhaps that's why you cannot move it. With great effort you move the boulder. The little dog bites! (2x) You hit the little dog. The little dog bites! You are beginning to feel hungry. You hit the little dog. The little dog bites! The little dog misses. You miss the little dog. The little dog bites! You miss the little dog. The little dog bites! (2x) The dagger hits the little dog. The little dog bites! You throw 2 daggers. The 1st dagger hits the little dog. The 2nd dagger hits the little dog. The little dog bites! You die... Final status: Goodbye cassyva the Rogue, killed by a little dog... You died in The Dungeons of Doom on dungeon level 5 with 27251 points, and 213 pieces of gold, after 2184 moves. You were level 4 with a maximum of 26 hit points when you died.